Map: Turbo Cruise '84 LE

Players

Kas - Winner!

  • Race: Terran Terran
  • League: Platinum
  • Spawn Location: 7:00

SunSet

  • Race: Zerg Zerg
  • Spawn Location: 3:00

Event: 2019 WCS Summer

VOD

Have the link to the VOD?

Description

Time

  • Played on: July 12, 2019, 6:35 a.m.
  • Length: 4:39

All games in this series

Show
View Real Time Build Order
Export as new Build Order

Kas Terran - Winner!

Build Orders: Gas First Reaper Expand, Liberator Opening 

Get SALT Encoding   

  12  0:01  SCV  
  13  0:13  SCV  
  14  0:17  Supply Depot  
  14  0:25  SCV  
  15  0:28  Refinery  
  15  0:39  SCV  
  16  0:45  Barracks  
  16  0:51  SCV  
  17  1:03  SCV  
  18  1:15  SCV  
  19  1:32  Orbital Command, Reaper  
  20  1:44  Command Center  
  20  1:57  Factory  
  20  2:01  SCV  
  21  2:06  Barracks Reactor  
  21  2:13  SCV  
  22  2:16  Supply Depot  
  22  2:19  Refinery  
  22  2:25  SCV  
  23  2:37  SCV  
  24  2:49  SCV  
  24  2:51  Starport  
  25  2:58  Hellion x2  
  29  3:01  Orbital Command, SCV  
  30  3:11  Liberator  
  30  3:13  SCV  
  31  3:24  Hellion x2  
  31  3:26  SCV x2  
  40  3:35  Supply Depot  
  40  3:38  SCV  
  40  3:39  SCV  
  42  3:47  Hellion x2  
  46  3:57  SCV x2  
  47  4:09  SCV x2, Hellion x2  
  53  4:10  Barracks Tech Lab  
  53  4:12  Supply Depot  
  53  4:21  SCV  
  54  4:34  Supply Depot  
Show
View Real Time Build Order
Export as new Build Order

SunSet Zerg 

Build Orders: 3 Hatch before Pool 

Get SALT Encoding   

  12  0:00  Drone  
  13  0:12  Overlord  
  13  0:17  Drone  
  14  0:30  Drone x2  
  14  0:34  Drone  
  17  0:53  Hatchery  
  17  0:56  Drone  
  17  0:59  Drone  
  18  1:24  Hatchery  
  18  1:25  Extractor  
  16  1:35  Spawning Pool  
  16  1:38  Drone  
  16  1:42  Drone  
  16  1:46  Drone  
  18  1:51  Drone  
  19  2:00  Drone  
  20  2:10  Drone  
  20  2:11  Drone  
  22  2:22  Zergling x4  
  24  2:26  Metabolic Boost  
  24  2:29  Queen  
  26  2:36  Queen  
  27  2:37  Zergling x2  
  27  2:44  Spore Crawler  
  27  2:48  Drone  
  27  2:51  Drone  
  28  2:52  Drone  
  28  2:53  Drone  
  28  2:54  Drone  
  28  2:57  Overlord  
  32  3:01  Drone  
  32  3:03  Drone  
  34  3:12  Spore Crawler  
  32  3:18  Drone  
  32  3:19  Drone x4  
  38  3:24  Drone x2  
  40  3:28  Overlord  
  40  3:30  Drone  
  41  3:38  Drone  
  42  3:46  Queen x2  
  42  3:48  Zergling x2  
  47  3:54  Overlord  
  47  3:55  Drone  
  47  3:56  Drone x3  
  47  3:59  Overlord  
  50  4:02  Drone  
  50  4:07  Zergling x2  
  50  4:08  Overlord  
  50  4:15  Zergling x2  
  49  4:18  Zergling x2  
  49  4:20  Zergling x4  
  49  4:22  Zergling x2  
  49  4:23  Evolution Chamber  
Tags
 
Add a new tag
Caveats
  • Supply blocks, unpowered buildings, or Contaminate may cause inaccurate times.
  • Supply counts are checked every 10 seconds.